| TOP OF THE 1ST |
|
University of Virginia Cavaliers batting - Pitching for University of Maine Black Bears : RHP Cyril Fede
|
|
Pitching: RHP Cyril Fede
|
|
|
Batting: RHB Scott Anderson
|
0-0: Ball 1-0: Ball 2-0: Swinging Strike 2-1: Swinging Strike 2-2: Strikes out swinging
|
|
Batting: LHB Edelberto Barbas
|
0-0: Called Strike 0-1: Ground out 2-3 (Groundball, 2L, EV 74.4 MPH)
|
|
Batting: LHB Eustachio Bontempi
|
0-0: Swinging Strike 0-1: SINGLE (Flyball, 5D, EV 93.1 MPH)
|
|
Batting: LHB Ray Nichter
|
0-0: Swinging Strike 0-1: Swinging Strike 0-2: Ball 1-2: Foul Ball, location: 2F 1-2: Strikes out swinging
|
| Top of the 1st over - 0 runs, 1 hit, 0 errors, 1 left on base; University of Virginia 0 - University of Maine 0 |
| BOTTOM OF THE 1ST |
|
University of Maine Black Bears batting - Pitching for University of Virginia Cavaliers : LHP Juan Quiroz
|
|
Pitching: LHP Juan Quiroz
|
|
|
Batting: RHB Justin Degon
|
0-0: Hit by Pitch
|
|
Batting: SHB Mario Barajas
|
0-0: Called Strike 0-1: Called Strike Justin Degon steals 2nd base (no throw) 0-2: Ball Wild Pitch! Justin Degon to third 1-2: Ball 2-2: Ball 3-2: Ground out U3 (Groundball, 23, EV 82.5 MPH)
|
|
Batting: RHB Wang-fen Yang
|
0-0: SINGLE (Flyball, 8RS, EV 91.2 MPH) Justin Degon scores
|
|
Batting: LHB Seung Pack
|
0-0: Ball 1-0: Ball 2-0: Ball 3-0: Called Strike 3-1: Fly out, F8 (Flyball, 8RD, EV 89.4 MPH)
|
|
Batting: LHB Osmo Leino
|
0-0: Called Strike 0-1: Called Strike 0-2: Ground out 5-3 (Groundball, 25, EV 85.0 MPH)
|
| Bottom of the 1st over - 1 run, 1 hit, 0 errors, 1 left on base; University of Virginia 0 - University of Maine 1 |
| TOP OF THE 2ND |
|
University of Virginia Cavaliers batting - Pitching for University of Maine Black Bears : RHP Cyril Fede
|
|
Batting: LHB Josh Doan
|
0-0: Fly out, F7 (Flyball, 7, EV 78.8 MPH)
|
|
Batting: RHB Rob Coble
|
0-0: Called Strike 0-1: Swinging Strike 0-2: Strikes out swinging
|
|
Batting: RHB Allen McCaskill
|
0-0: Fly out, F2 (Popup, 2LF, EV 96.2 MPH)
|
| Top of the 2nd over - 0 runs, 0 hits, 0 errors, 0 left on base; University of Virginia 0 - University of Maine 1 |
| BOTTOM OF THE 2ND |
|
University of Maine Black Bears batting - Pitching for University of Virginia Cavaliers : LHP Juan Quiroz
|
|
Batting: LHB Ed Leighton
|
0-0: Foul Ball, location: 2F 0-1: Ball 1-1: DOUBLE (Flyball, 78D, EV 100.6 MPH)
|
|
Batting: LHB John Bergeron
|
0-0: Ball 1-0: Foul Ball, location: 2F 1-1: Called Strike 1-2: Ball 2-2: Ground out 6-3 (Groundball, 6, EV 89.4 MPH)
|
|
Batting: SHB Ron Handford
|
0-0: Called Strike 0-1: Called Strike 0-2: Ball 1-2: Ball 2-2: Strikes out swinging
|
|
Batting: RHB Wang Huan
|
0-0: Called Strike 0-1: Ground out 4-3 (Groundball, 34, EV 101.2 MPH)
|
| Bottom of the 2nd over - 0 runs, 1 hit, 0 errors, 1 left on base; University of Virginia 0 - University of Maine 1 |
| TOP OF THE 3RD |
|
University of Virginia Cavaliers batting - Pitching for University of Maine Black Bears : RHP Cyril Fede
|
|
Batting: SHB Ethan Lewis
|
0-0: Ball 1-0: Ground out U3 (Groundball, 3, EV 89.4 MPH)
|
|
Batting: RHB Jason Thresher
|
0-0: Ball 1-0: Foul Ball, location: 2F 1-1: Ball 2-1: Ball 3-1: Base on Balls
|
|
Batting: RHB Scott Anderson
|
0-0: Ball Jason Thresher steals 2nd base (no throw) 1-0: Ball 2-0: Foul Ball, location: 2F 2-1: Called Strike 2-2: Strikes out swinging
|
|
Batting: LHB Edelberto Barbas
|
0-0: Ball 1-0: Ball 2-0: Ball 3-0: Called Strike 3-1: Foul Ball, location: 2F 3-2: Foul Ball, location: 2F 3-2: Base on Balls
|
|
Batting: LHB Eustachio Bontempi
|
0-0: Swinging Strike 0-1: Ball 1-1: Ball 2-1: Fly out, F9 (Line Drive, 9, EV 96.9 MPH)
|
| Top of the 3rd over - 0 runs, 0 hits, 0 errors, 2 left on base; University of Virginia 0 - University of Maine 1 |
| BOTTOM OF THE 3RD |
|
University of Maine Black Bears batting - Pitching for University of Virginia Cavaliers : LHP Juan Quiroz
|
|
Batting: RHB Justin Degon
|
0-0: Called Strike 0-1: Foul Ball, location: 2F 0-2: Strikes out swinging
|
|
Batting: SHB Mario Barajas
|
0-0: Called Strike 0-1: Ball 1-1: Foul Ball, location: 2F 1-2: Ball 2-2: Foul Ball, location: 2F 2-2: Foul Ball, location: 2F 2-2: Foul Ball, location: 2F 2-2: Ball 3-2: Base on Balls
|
|
Batting: RHB Wang-fen Yang
|
0-0: Called Strike 0-1: Fielders Choice at 2nd, 6-4 (Groundball, 6S, EV 85.6 MPH)
|
|
Batting: LHB Seung Pack
|
0-0: Ground out 4-3 (Groundball, 4, EV 82.5 MPH)
|
| Bottom of the 3rd over - 0 runs, 0 hits, 0 errors, 1 left on base; University of Virginia 0 - University of Maine 1 |
| TOP OF THE 4TH |
|
University of Virginia Cavaliers batting - Pitching for University of Maine Black Bears : RHP Cyril Fede
|
|
Batting: LHB Ray Nichter
|
0-0: Called Strike 0-1: Called Strike 0-2: Ball 1-2: SINGLE (Groundball, 34D, EV 106.9 MPH)
|
|
Batting: LHB Josh Doan
|
0-0: Ball 1-0: Ball 2-0: Ball 3-0: Called Strike 3-1: Base on Balls Ray Nichter to second
|
|
Batting: RHB Rob Coble
|
0-0: Called Strike 0-1: Ball Wild Pitch! Ray Nichter to third Josh Doan to second 1-1: Ball 2-1: Called Strike 2-2: Strikes out swinging
|
|
Batting: RHB Allen McCaskill
|
0-0: Called Strike 0-1: Ball 1-1: Ball 2-1: Fly out, F7 (Flyball, 7, EV 91.9 MPH) Runner from 3rd tags up, SCORES, throw by LF
|
|
Batting: SHB Ethan Lewis
|
0-0: Ball 1-0: Foul Ball, location: 2F 1-1: Ball 2-1: Ball 3-1: Fly out, F8 (Flyball, 8LD, EV 106.9 MPH)
|
| Top of the 4th over - 1 run, 1 hit, 0 errors, 1 left on base; University of Virginia 1 - University of Maine 1 |
| BOTTOM OF THE 4TH |
|
University of Maine Black Bears batting - Pitching for University of Virginia Cavaliers : LHP Juan Quiroz
|
|
Batting: LHB Osmo Leino
|
0-0: Called Strike 0-1: Called Strike 0-2: Foul Ball, location: 2F 0-2: Ball 1-2: Ball 2-2: Ball 3-2: SINGLE (Groundball, 34D, EV 101.2 MPH)
|
|
Batting: LHB Ed Leighton
|
0-0: Ball 1-0: Ball 2-0: Called Strike 2-1: Swinging Strike 2-2: Strikes out looking
|
|
Batting: LHB John Bergeron
|
0-0: Ball 1-0: Foul Ball, location: 2F 1-1: Called Strike 1-2: DOUBLE (Line Drive, 89XD, EV 102.5 MPH) Osmo Leino to third Runner from 3rd tries for Home, SAFE, throw by CF to trailing runner, SAFE at third!
|
|
Batting: SHB Ron Handford
|
0-0: Foul Ball, location: 2F 0-1: Called Strike 0-2: Hit by Pitch
|
|
Batting: RHB Wang Huan
|
0-0: Ball 1-0: Ball 2-0: Foul Ball, location: 2F 2-1: Ball 3-1: Called Strike 3-2: Reached on error, E5 (Groundball, 5, EV 91.2 MPH) John Bergeron scores Ron Handford to second
|
|
Batting: RHB Justin Degon
|
0-0: Ball 1-0: SINGLE (Groundball, 4MS, EV 65.0 MPH) (infield hit) Ron Handford to third Wang Huan to second
|
|
Batting: SHB Mario Barajas
|
0-0: Ball 1-0: Called Strike 1-1: Ball 2-1: Ball 3-1: Swinging Strike 3-2: Fly out, F8 (Line Drive, 89M, EV 101.2 MPH) Runner from 3rd tags up, SCORES, throw by CF Wang Huan to third
|
|
Batting: RHB Wang-fen Yang
|
0-0: Called Strike 0-1: Called Strike 0-2: Foul Ball, location: 2F 0-2: Strikes out swinging
|
| Bottom of the 4th over - 3 runs, 3 hits, 1 error, 2 left on base; University of Virginia 1 - University of Maine 4 |
| TOP OF THE 5TH |
|
University of Virginia Cavaliers batting - Pitching for University of Maine Black Bears : RHP Cyril Fede
|
|
Batting: RHB Jason Thresher
|
0-0: Ball 1-0: Ball 2-0: Ball 3-0: Base on Balls
|
|
Batting: RHB Scott Anderson
|
0-0: Called Strike 0-1: Ball 1-1: Ball Jason Thresher steals 2nd, throwing error, E2 Jason Thresher to third 2-1: Ball 3-1: Foul Ball, location: 2F 3-2: Base on Balls
|
|
Pitching: LHP Gary Callender
|
|
|
Batting: LHB Edelberto Barbas
|
0-0: Ball 1-0: Called Strike 1-1: Fielders Choice at 2nd, 4-6 (Groundball, 4, EV 86.9 MPH) Jason Thresher scores
|
|
Batting: LHB Eustachio Bontempi
|
0-0: Fielders Choice at 2nd, 5-4 (Groundball, 5, EV 81.2 MPH)
|
|
Batting: LHB Ray Nichter
|
0-0: Foul Ball, location: 2F 0-1: Swinging Strike 0-2: Ball 1-2: Strikes out swinging
|
| Top of the 5th over - 1 run, 0 hits, 1 error, 1 left on base; University of Virginia 2 - University of Maine 4 |
| BOTTOM OF THE 5TH |
|
University of Maine Black Bears batting - Pitching for University of Virginia Cavaliers : LHP Juan Quiroz
|
|
Pitching: LHP Trent Hassett
|
|
|
Batting: LHB Seung Pack
|
0-0: Ball 1-0: Ball 2-0: Foul Ball, location: 2F 2-1: Called Strike 2-2: Strikes out looking
|
|
Batting: LHB Osmo Leino
|
0-0: Foul Ball, location: 2F 0-1: Ball 1-1: SOLO HOME RUN (Flyball, 7LD, EV 90.0 MPH), Distance : 346 ft
|
|
Batting: LHB Ed Leighton
|
0-0: Foul Ball, location: 2F 0-1: Ball 1-1: Ground out 6-3 (Groundball, 6M, EV 106.9 MPH)
|
|
Batting: LHB John Bergeron
|
0-0: Ground out 4-3 (Groundball, 4, EV 91.2 MPH)
|
| Bottom of the 5th over - 1 run, 1 hit, 0 errors, 0 left on base; University of Virginia 2 - University of Maine 5 |
| TOP OF THE 6TH |
|
University of Virginia Cavaliers batting - Pitching for University of Maine Black Bears : LHP Gary Callender
|
|
Batting: LHB Josh Doan
|
0-0: Ball 1-0: Foul Ball, location: 2F 1-1: Foul Ball, location: 2F 1-2: Foul Ball, location: 2F 1-2: Ball 2-2: Ball 3-2: Base on Balls
|
|
Batting: RHB Rob Coble
|
0-0: Called Strike 0-1: Ball 1-1: Called Strike 1-2: Strikes out swinging
|
|
Batting: RHB Allen McCaskill
|
0-0: Swinging Strike 0-1: Ball 1-1: Foul Ball, location: 2F 1-2: Ball 2-2: Foul Ball, location: 2F 2-2: Foul Ball, location: 2F 2-2: Strikes out swinging
|
|
Batting: SHB Ethan Lewis
|
0-0: Called Strike 0-1: Ball 1-1: Ball 2-1: Ball 3-1: Called Strike 3-2: Base on Balls Josh Doan to second
|
|
Batting: RHB Jason Thresher
|
0-0: Called Strike 0-1: Ball Wild Pitch! Josh Doan to third Ethan Lewis to second 1-1: Ball 2-1: Ball 3-1: Foul Ball, location: 2F 3-2: Foul Ball, location: 2F 3-2: Foul Ball, location: 2F 3-2: Ground out U3 (Groundball, 34, EV 103.1 MPH)
|
| Top of the 6th over - 0 runs, 0 hits, 0 errors, 2 left on base; University of Virginia 2 - University of Maine 5 |
| BOTTOM OF THE 6TH |
|
University of Maine Black Bears batting - Pitching for University of Virginia Cavaliers : LHP Trent Hassett
|
|
Batting: SHB Ron Handford
|
0-0: Called Strike 0-1: Ball 1-1: Ground out 1-3 (Groundball, 13S, EV 67.5 MPH)
|
|
Batting: RHB Wang Huan
|
0-0: Foul Ball, location: 2F 0-1: Ground out 5-3 (Groundball, 56, EV 88.8 MPH)
|
|
Batting: RHB Justin Degon
|
0-0: Ground out 6-3 (Groundball, 6, EV 104.4 MPH)
|
| Bottom of the 6th over - 0 runs, 0 hits, 0 errors, 0 left on base; University of Virginia 2 - University of Maine 5 |
| TOP OF THE 7TH |
|
University of Virginia Cavaliers batting - Pitching for University of Maine Black Bears : LHP Gary Callender
|
|
Pitching: RHP Ivano Benincasa
|
|
|
Batting: RHB Scott Anderson
|
0-0: Ball 1-0: SOLO HOME RUN (Flyball, 78XD, EV 105.0 MPH), Distance : 423 ft
|
|
Batting: LHB Edelberto Barbas
|
0-0: Fly out, F7 (Flyball, 78M, EV 85.0 MPH)
|
|
Batting: LHB Eustachio Bontempi
|
0-0: Ball 1-0: Ball 2-0: Ball 3-0: Base on Balls
|
|
Batting: LHB Ray Nichter
|
0-0: Swinging Strike 0-1: Swinging Strike 0-2: Strikes out swinging
|
|
Batting: LHB Josh Doan
|
0-0: Ball 1-0: Ball Eustachio Bontempi is caught stealing 2nd base 2-6
|
| Top of the 7th over - 1 run, 1 hit, 0 errors, 0 left on base; University of Virginia 3 - University of Maine 5 |
| BOTTOM OF THE 7TH |
|
University of Maine Black Bears batting - Pitching for University of Virginia Cavaliers : LHP Trent Hassett
|
|
Batting: SHB Mario Barajas
|
0-0: Ball 1-0: Called Strike 1-1: Fly out, F8 (Flyball, 8RD, EV 87.5 MPH)
|
|
Batting: RHB Wang-fen Yang
|
0-0: Ground out 5-3 (Groundball, 56, EV 82.5 MPH)
|
|
Batting: LHB Seung Pack
|
0-0: Ball 1-0: Swinging Strike 1-1: Called Strike 1-2: Ball 2-2: Fly out, F7 (Flyball, 78S, EV 90.0 MPH)
|
| Bottom of the 7th over - 0 runs, 0 hits, 0 errors, 0 left on base; University of Virginia 3 - University of Maine 5 |
| TOP OF THE 8TH |
|
University of Virginia Cavaliers batting - Pitching for University of Maine Black Bears : RHP Ivano Benincasa
|
|
Batting: LHB Josh Doan
|
0-0: Ball 1-0: Reached on error, E6 (Groundball, 6, EV 88.8 MPH)
|
|
Batting: RHB Rob Coble
|
0-0: Called Strike 0-1: Ball 1-1: Foul Ball, location: 2F 1-2: Strikes out swinging
|
|
Batting: RHB Allen McCaskill
|
0-0: Foul Ball, location: 2F 0-1: Ball 1-1: Called Strike 1-2: Ball 2-2: Strikes out swinging
|
|
Batting: SHB Ethan Lewis
|
0-0: Called Strike 0-1: Ground out 6-3 (Groundball, 56, EV 90.0 MPH)
|
| Top of the 8th over - 0 runs, 0 hits, 1 error, 1 left on base; University of Virginia 3 - University of Maine 5 |
| BOTTOM OF THE 8TH |
|
University of Maine Black Bears batting - Pitching for University of Virginia Cavaliers : LHP Trent Hassett
|
|
Batting: LHB Osmo Leino
|
0-0: Called Strike 0-1: Ground out 4-3 (Groundball, 4, EV 102.5 MPH)
|
|
Batting: LHB Ed Leighton
|
0-0: Called Strike 0-1: Swinging Strike 0-2: Foul Ball, location: 2F 0-2: Ball 1-2: Strikes out swinging
|
|
Batting: LHB John Bergeron
|
0-0: Ball 1-0: Ball 2-0: Ball 3-0: Base on Balls
|
|
Batting: SHB Ron Handford
|
0-0: Ball 1-0: Foul Ball, location: 2F 1-1: Ball 2-1: Ball 3-1: Foul Ball, location: 2F 3-2: Strikes out swinging
|
| Bottom of the 8th over - 0 runs, 0 hits, 0 errors, 1 left on base; University of Virginia 3 - University of Maine 5 |
| TOP OF THE 9TH |
|
University of Virginia Cavaliers batting - Pitching for University of Maine Black Bears : RHP Ivano Benincasa
|
|
Pitching: RHP Justin Williams
|
|
|
Now at 1B: Mario Barajas
|
|
|
Now at 3B: Rewa Havika
|
|
|
Batting: RHB Jason Thresher
|
0-0: Called Strike 0-1: Swinging Strike 0-2: Ball 1-2: Ball 2-2: Foul Ball, location: 2F 2-2: Strikes out swinging
|
|
Batting: RHB Scott Anderson
|
0-0: Ball 1-0: Foul Ball, location: 2F 1-1: Ball 2-1: Foul Ball, location: 2F 2-2: SINGLE (Groundball, 6D, EV 111.9 MPH)
|
|
Batting: LHB Edelberto Barbas
|
0-0: Called Strike 0-1: Fly out, F9 (Flyball, 89S, EV 91.9 MPH)
|
|
Batting: LHB Eustachio Bontempi
|
0-0: Called Strike 0-1: Swinging Strike 0-2: Ball 1-2: SINGLE (Line Drive, 34D, EV 98.1 MPH) Scott Anderson to second
|
|
Batting: LHB Ray Nichter
|
0-0: Swinging Strike 0-1: Foul Ball, location: 2F 0-2: Ball 1-2: Ball 2-2: Strikes out swinging
|
| Top of the 9th over - 0 runs, 2 hits, 0 errors, 2 left on base; University of Virginia 3 - University of Maine 5 |
|